 Dungeon Crawl Stone Soup version 0.29.1-13-g9f3cf754e1 (webtiles) character file.

Game seed: 8910865130562153574

25 concernfroge the Scratcher (level 2, -3/12 HPs)
             Began as a Felid Transmuter on Jan 29, 2023.
             Slain by an adder (4 damage)
             ... on level 2 of the Dungeon.
             The game lasted 00:02:33 (1399 turns).

concernfroge the Scratcher (Felid Transmuter)       Turns: 1399, Time: 00:02:36

Health: -3/12      AC:  1    Str:  6    XL:     2   Next: 82%
Magic:  4/6        EV: 18    Int: 14    God:
Gold:   144        SH:  0    Dex: 16    Spells: 2/5 levels left
                                        Lives:  0   Deaths: 0

rFire   . . .      SeeInvis +     - Unarmed
rCold   . . .      Faith    +   (shield unavailable)
rNeg    + . .      Spirit   .   (body armour unavailable)
rPois   .          Reflect  .   (helmet unavailable)
rElec   .          Harm     .   (cloak unavailable)
rCorr   .          Rampage  .   (gloves unavailable)
Will    .....                   (boots unavailable)
Stlth   ++........              g - amulet of faith
HPRegen 0.04/turn               j - ring of positive energy
MPRegen 0.10/turn               (no ring)

@: appendages (expiring), wereblooded, quick
A: horns 2, very small, claws 1, fangs 3, see invisible, speed 1, shaggy fur 1,
stealthy paws, no weapons or thrown items, no armour, multi-lived
a: End Transformation


You were on level 2 of the Dungeon.
You had temporarily grown beastly horns.
You visited 1 branch of the dungeon, and saw 2 of its levels.

You collected 144 gold pieces.

Inventory:

Jewellery
 g - an amulet of faith (around neck)
 j - a ring of positive energy (left paw)
Scrolls
 b - a scroll of identify {unknown}
 d - a scroll of teleportation {unknown}
 e - a scroll of enchant weapon {unknown}
 i - 3 scrolls of amnesia {unknown}
Potions
 a - 2 potions of lignification
 c - 2 potions of curing {unknown}
 f - a potion of haste {unknown}
 h - a potion of brilliance {unknown}


   Skills:
 - Level 1.0 Fighting
 + Level 3.2 Dodging
 + Level 1.6 Stealth
 + Level 3.3 Unarmed Combat
 - Level 2.0 Spellcasting
 + Level 2.6 Transmutations


You had 2 spell levels left.
You knew the following spells:

 Your Spells              Type           Power      Damage    Failure   Level
a - Beastly Appendage     Tmut           16%        N/A       9%          1
b - Wereblood             Tmut           8%         N/A       12%         2

Your spell library contained the following spells:

 Spells                   Type           Power      Damage    Failure   Level
 Spider Form              Tmut/Pois      5%         N/A       38%         3
 Ice Form                 Ice/Tmut       5%         N/A       80%         4


Dungeon Overview and Level Annotations

Branches:
Dungeon (2/15)

Altars:


Innate Abilities, Weirdness & Mutations

You have temporarily grown beastly horns.
You have sharp claws.
You have razor-sharp teeth.
You have supernaturally acute eyesight. (SInv)
You cover ground quickly. (Speed+)
You are covered in fur. (AC +1)
Your paws help you pounce on unaware monsters.
You are incapable of wielding weapons or throwing items.
You cannot wear armour.
You gain extra lives every three experience levels.


Message History

You closely miss the adder. You headbutt the adder.
The adder is severely wounded.
The giant cockroach misses you. The adder bites you.
You are poisoned.
The adder poisons you!
You scratch the giant cockroach but do no damage.
Your transformation is almost over.
You feel sick. The giant cockroach barely misses you.
The adder barely misses you.
You scratch the giant cockroach but do no damage.
You headbutt the giant cockroach.
The giant cockroach is severely wounded.
You feel sick. The adder completely misses you.
The giant cockroach barely misses you.
You scratch the giant cockroach but do no damage.
The giant cockroach is severely wounded.
You feel sick. The adder misses you.
The giant cockroach completely misses you.
The adder misses you.
Casting: Beastly Appendage (safe; 9% risk of failure)
Confirm with . or Enter, or press ? or * to list all spells.
Your blood is infused with primal strength.
You feel sick. The giant cockroach barely misses you.
The adder closely misses you.
The giant cockroach bites you but does no damage.
You scratch the giant cockroach. You bite the giant cockroach.
You feel a bit better.
You kill the giant cockroach!
You feel sick. The adder barely misses you.
You scratch the adder.
The adder is almost dead.
You feel sick. The adder bites you.
* * * LOW HITPOINT WARNING * * *
You miss the adder. Your headbutt misses the adder.
The adder is almost dead.
* * * LOW HITPOINT WARNING * * *
You feel sick.
You are no longer poisoned.
The adder misses you. The adder bites you.
You die...

..##. #......##.#.........
.. #. #....####...........
..##.##..#..###...........
......#..##..#.........
...............#.......
.........##....#.......
....#..........##......
...$...................
........S@.....########
........##......#
.......###.###..#####
....(......# #......#
.....##.#### #......#
...(. # #......# .....
#......# .. #......#
#......#


You could see an adder.

Vanquished Creatures
  A worm (D:2)
  A dart slug (D:1)
  An endoplasm (D:1)
  A giant cockroach (D:2)
  2 goblins (D:1)
  A hobgoblin (D:1)
  2 jackals (D:1)
  4 ball pythons (D:1)
  A frilled lizard (D:2)
  2 kobolds
  3 rats (D:1)
19 creatures vanquished.

Notes
Turn   | Place    | Note
-------+----------+-------------------------------------------
     0 | D:1      | concernfroge the Felid Transmuter began the quest for the
                  | Orb.
     0 | D:1      | Reached XP level 1. HP: 9/9 MP: 4/4
   427 | D:1      | Reached skill level 1 in Stealth
   449 | D:1      | Reached XP level 2. HP: 11/12 MP: 4/6
   457 | D:1      | Learned a level 2 spell: Wereblood
   697 | D:1      | Found a faded altar of an unknown god.
  1399 | D:2      | Slain by an adder

Illustrated notes

Levels and vault maps discovered:
D:1:      tarquinn_simple_flora_water_a, layout_loops_cross,
          hellmonk_ecumenical_altar_slurped_away
D:2:      layout_rooms

Skill      XL: |  1 |
---------------+----+-----
Stealth        | 1 |  1.6
Dodging        | 3 |  3.2
Fighting       | |  1.0
Unarmed Combat | |  3.3
Spellcasting   | |  2.0
Transmutations | |  2.6

Action                   || total
-------------------------++-------
Melee: Unarmed           ||    60
       Headbutt          ||     4
       Bite              ||     4
 Cast: Beastly Appendage ||     6
       Wereblood         ||     1
 Stab: Sleeping          ||     1
Armor: Skin              ||     2
Dodge: Dodged            ||    54
